Get step-by-step instructions on how to execute this build order below. Start the game timer, and the build order will tick by so you can play in parallel with StarCraft on a second screen or mobile device.

Game Time

  0:00

Last Step

  N/A

Next Step

Upcoming Step



Don't want to look back and forth between 2 screens? Try out our Overwolf App, the Spawning Tool Build Advisor to get an in-game overlay with this build!

Complete Build Order

  12  0:08  Drone  
  13  0:18  Overlord  
  13  0:24  Drone  
  14  1:07  Hatchery  
  13  1:14  Drone  
  13  1:15  Drone  
  15  1:40  Extractor  
  14  1:50  Drone  
  14  1:51  Drone